Map: Odyssey LE

Players

KebabKing (SpaceMarine)

  • Race: Protoss Protoss
  • Spawn Location: 5:00

Bly - Winner!

  • Race: Zerg Zerg
  • Spawn Location: 11:00

Event: WCS Jonkoping 2017

VOD

Have the link to the VOD?

Description

Time

  • Played on: June 17, 2017, 12:33 p.m.
  • Length: 8:36

All games in this series

Show
View Real Time Build Order
Export as new Build Order

KebabKing Protoss 

Build Orders:  

Get SALT Encoding   

  12  0:01  Probe (Chrono Boost)  
  13  0:12  Probe (Chrono Boost)  
  14  0:19  Pylon  
  14  0:22  Probe (Chrono Boost)  
  15  0:38  Probe (Chrono Boost), Gateway  
  16  0:48  Probe (Chrono Boost)  
  16  0:49  Assimilator  
  17  0:59  Probe (Chrono Boost)  
  18  1:09  Probe (Chrono Boost)  
  19  1:20  Probe (Chrono Boost)  
  20  1:27  Zealot (Chrono Boost), Cybernetics Core  
  20  1:29  Pylon  
  20  1:30  Probe  
  23  1:47  Probe  
  24  1:55  Pylon  
  24  1:59  Probe  
  25  2:04  Stalker (Chrono Boost)  
  25  2:07  Warp Gate (Chrono Boost)  
  27  2:31  Nexus  
  27  2:34  Probe  
  27  2:36  Assimilator  
  28  2:46  Probe  
  28  2:48  Twilight Council  
  29  2:58  Probe  
  30  3:10  Probe (Chrono Boost)  
  31  3:22  Probe (Chrono Boost)  
  31  3:24  Pylon, Resonating Glaives  
  32  3:32  Probe (Chrono Boost), Gateway  
  32  3:34  Gateway  
  33  3:43  Probe (Chrono Boost), Pylon  
  33  3:44  Probe (Chrono Boost)  
  35  3:53  Probe (Chrono Boost)  
  35  3:54  Probe (Chrono Boost)  
  37  3:58  Stargate  
  37  4:03  Stargate  
  37  4:04  Probe (Chrono Boost)  
  37  4:06  Probe (Chrono Boost)  
  37  4:08  Assimilator  
  39  4:14  Probe (Chrono Boost), Assimilator  
  39  4:16  Probe (Chrono Boost)  
  41  4:25  Probe (Chrono Boost)  
  41  4:27  Probe (Chrono Boost), Adept  
  41  4:28  Adept  
  41  4:30  Adept  
  49  4:35  Probe (Chrono Boost)  
  49  4:37  Probe (Chrono Boost)  
  51  4:42  Phoenix  
  53  4:48  Adept  
  53  4:49  Adept  
  53  4:51  Adept  
  59  4:54  Probe (Chrono Boost)  
  59  4:55  Probe (Chrono Boost)  
  59  4:59  Pylon  
  52  5:11  Probe x2 (Chrono Boost)  
  48  5:21  Probe x2 (Chrono Boost)  
  50  5:30  Phoenix (Chrono Boost)  
  50  5:32  Probe x2 (Chrono Boost)  
  50  5:35  Phoenix (Chrono Boost)  
  50  5:42  Probe x2 (Chrono Boost)  
  46  5:54  Probe x2  
  46  5:56  Phoenix (Chrono Boost)  
  50  6:00  Phoenix (Chrono Boost)  
  52  6:06  Probe x2  
  52  6:11  Sentry  
  56  6:12  Adept  
  56  6:17  Adept  
  58  6:18  Probe x2  
  58  6:23  Phoenix (Chrono Boost)  
  62  6:30  Probe  
  62  6:31  Probe  
  64  6:36  Pylon  
  64  6:41  Phoenix (Chrono Boost)  
  64  6:42  Pylon  
  64  6:43  Probe x2  
  68  6:47  Pylon  
  68  6:54  Adept x2  
  68  6:55  Probe, Adept  
  76  7:04  Phoenix (Chrono Boost)  
  77  7:16  Gateway  
  77  7:17  Gateway  
  77  7:18  Gateway  
  77  7:20  Phoenix (Chrono Boost)  
  79  7:24  Adept  
  81  7:32  Adept x2  
  85  7:39  Pylon  
  85  7:40  Pylon  
  85  7:49  Adept  
  87  7:52  Pylon, Phoenix (Chrono Boost)  
  87  7:55  Adept x2  
  93  8:07  Pylon  
  90  8:18  Adept x5  
Show
View Real Time Build Order
Export as new Build Order

Bly Zerg - Winner!

Build Orders: 3 Hatch before Pool 

Get SALT Encoding   

  12  0:01  Drone  
  13  0:13  Overlord  
  13  0:16  Drone  
  14  0:32  Drone x2  
  16  0:37  Drone  
  17  0:53  Hatchery  
  16  1:10  Drone  
  17  1:19  Hatchery  
  17  1:23  Extractor  
  15  1:26  Drone  
  15  1:30  Evolution Chamber  
  16  1:35  Spawning Pool, Drone x2  
  17  1:40  Drone  
  18  1:49  Drone  
  19  2:00  Drone  
  20  2:06  Drone  
  21  2:09  Drone  
  22  2:18  Drone  
  23  2:24  Queen x2  
  23  2:27  Metabolic Boost  
  27  2:30  Zergling x2  
  27  2:35  Overlord  
  28  2:43  Overlord  
  28  2:57  Hatchery  
  27  3:01  Drone  
  28  3:06  Drone x2  
  28  3:09  Drone x2  
  32  3:14  Overlord  
  31  3:22  Zergling x4  
  31  3:26  Overlord  
  33  3:35  Queen  
  33  3:37  Drone x3  
  38  3:46  Overlord  
  38  3:56  Zergling x10  
  38  4:01  Evolution Chamber  
  42  4:09  Queen  
  44  4:10  Drone x3  
  44  4:15  Drone x2  
  49  4:27  Roach Warren, Drone x3  
  49  4:28  Drone x2  
  53  4:34  Overlord  
  53  4:36  Overlord  
  53  4:45  Lair  
  53  4:53  Overlord  
  53  4:59  Overlord  
  52  5:01  Extractor, Zergling x14  
  52  5:02  Zergling x2  
  59  5:09  Zergling x6  
  61  5:18  Zergling x14  
  66  5:32  Drone x5  
  66  5:33  Drone x2  
  68  5:41  Drone  
  68  5:45  Queen x2, Drone x2  
  68  5:48  Extractor  
  68  5:49  Hydralisk Den  
  72  5:57  Overseer  
  72  5:58  Drone x4  
  72  5:59  Drone x2  
  78  6:05  Overlord  
  78  6:09  Drone x5  
  83  6:13  Overlord  
  83  6:17  Overlord  
  82  6:19  Extractor  
  82  6:21  Extractor, Drone x4  
  82  6:24  Overlord  
  84  6:26  Extractor  
  84  6:31  Overlord  
  82  6:34  Muscular Augments  
  82  6:37  Drone x2  
  82  6:38  Drone  
  85  6:40  Extractor  
  84  6:47  Drone x3  
  84  6:51  Hydralisk x3  
  93  6:54  Overlord x3  
  93  7:00  Drone x4  
  97  7:06  Hatchery  
  96  7:11  Hydralisk x2  
  96  7:12  Baneling Nest, Hydralisk  
  96  7:13  Hydralisk  
  103  7:21  Hydralisk x2  
  107  7:23  Overlord  
  102  7:33  Zergling x10  
  106  7:39  Zergling x4  
  108  7:50  Zergling x2  
  108  7:51  Zergling x10  
  113  8:01  Overlord  
  113  8:02  Baneling x14  
  113  8:10  Zergling x12  
  118  8:18  Zergling x2  
Tags
 
Add a new tag
Caveats
  • Supply blocks, unpowered buildings, or Contaminate may cause inaccurate times.
  • Supply counts are checked every 10 seconds.